 Dungeon Sprint DCSS version 0.21-a0-278-ga722497 (webtiles) character file.

18840 potatolord6000 the Severer (level 12, -1/124 HPs)
             Began as a Hill Orc Fighter on Sept 21, 2017.
             Was the Champion of Beogh.
             Slain by an orc knight
             ... wielding a +0 battleaxe
              (24 damage)
             ... in the Dungeon (Sprint VII: "The Pits").
             The game lasted 00:10:12 (2965 turns).

potatolord6000 the Severer (Hill Orc Fighter)       Turns: 2965, Time: 00:10:13

Health: -1/124     AC: 21    Str: 27    XL:     12   Next: 62%
Magic:  16/24      EV: 14    Int: 16    God:    Beogh [******]
Gold:   0          SH: 15    Dex: 15    Spells: 11/11 levels left

rFire    . . .     SeeInvis .   u - +2 war axe (chop)
rCold    . . .     Gourm    .   c - +0 shield
rNeg     . . .     Faith    .   t - +4 chain mail
rPois    .         Spirit   .   (no helmet)
rElec    .         Reflect  .   (no cloak)
rCorr    .         Harm     .   d - +0 pair of gloves
MR       .....     NoTele   +   C - +0 pair of boots
Stlth    ..........             (no amulet)
HPRegen  0.30/turn              b - +3 ring of intelligence
MPRegen  0.19/turn              h - +3 ring of strength

@: brilliant, agile
A: walk on water
a: Smiting, Recall Orcish Followers, Give Item to Named Follower, Resurrection,
Renounce Religion


You were in the Dungeon.
You worshipped Beogh.
Beogh was exalted by your worship.
You were not hungry.

You visited 1 branch

Inventory:

Hand Weapons
 u - a +2 war axe of chopping (weapon)
 E - the +0 sword of Power
   (You found it in the Dungeon)
Armour
 c - a +0 shield (worn)
 d - a +0 pair of gloves (worn)
 t - a +4 chain mail (worn)
 C - a +0 pair of boots (worn)
Jewellery
 b - a +3 ring of intelligence (left hand)
 h - a +3 ring of strength (right hand)
Scrolls
 k - 2 scrolls of blinking
 m - 5 scrolls of remove curse
 n - 5 scrolls of amnesia
 o - a scroll of summoning
 w - 3 scrolls of fear
 y - a scroll of fog
 z - 2 scrolls of recharging
 A - 2 scrolls of enchant armour
 B - a scroll of magic mapping
Potions
 a - a potion of lignification {unknown}
 e - 8 potions of curing
 g - a potion of heal wounds
 i - 2 potions of magic
 j - 4 potions of berserk rage
 l - 2 potions of invisibility
 v - 2 potions of agility
 x - a potion of flight {unknown}
Comestibles
 f - 11 bread rations
 p - 40 fruits
 q - 7 meat rations
 r - 6 royal jellies


   Skills:
 + Level 16.7 Fighting
 + Level 17.8 Axes
 + Level 15.5 Armour
 + Level 15.5 Shields
 + Level 17.6 Invocations


You had 11 spell levels left.
You didn't know any spells.

Dungeon Overview and Level Annotations

Branches:
Dungeon (1/1)

Altars:
Ashenzari
Cheibriados
Dithmenos
Elyvilon
Fedhas
Gozag
Hepliaklqana
Kikubaaqudgha
Makhleb
Nemelex Xobeh
Okawaru
Qazlal
Ru
Sif Muna
Trog
Uskayaw
Vehumet
Wu Jian
Xom
Yredelemnul
Zin
The Shining One
Beogh
Jiyva
Lugonu


Message History

The orc knight is engulfed in calcifying dust.
Unknown command.
Unknown command.
Unknown command.
Aiming: Smiting
Press: ? - help, Dir - move target cursor, f/p - orc warlord Smite: an orc warlord, wielding a great sword of electrocution and wearing a plate armour (severely wounded, unusually strong, petrified)
You smite the orc warlord!
The orc warlord is severely wounded.
Your orc warrior stops moving altogether!
The deep elf knight unwields an uncursed shortbow.
The deep elf knight wields an uncursed scimitar.
The deep elf knight hits your orc knight but does no damage.
The deep elf blademaster barely misses you.
You block the deep elf blademaster's attack.
The orc knight hits you from afar with a glaive!!
* * * LOW HITPOINT WARNING * * *
The orc knight hits you with a battleaxe!!
You die...
Beogh appreciates the orc knight's killing of a heretic priest.

..# ..# ..+ ..+ ''#
''###############################
.....................(...........
...............ooo...............
..##############@o##############.
..#


#.ooeJJHp# #. ..# #.#.ooo#.# #. ..# ...eoo.JY... #) ..# #.#.#oooo#.#.# #. ..#
#....Zoo.....# #. ..# #.#.#....#.#.# #. ).# .............. #. ..# #. You could
see an orc warlord (petrified), a deep elf blademaster, a catoblepas, a
minotaur, a vault guard, 11 orc knights, a large slime creature (petrified), 2
slime creatures, a deep elf knight, an adder simulacrum, a friendly orc knight
(petrified), the friendly Bogric the orc knight (petrified), the friendly Boldo
the orc knight, a friendly orc warrior (petrified) and the friendly Oreg the orc
priest.

Vanquished Creatures
  Frances (D)
  An orc warlord (D)
  A fire giant (D)
  Snorg (D)
  An eidolon (D)
  Erolcha (D)
  Harold (D)
  A vampire mage (D)
  A death yak (D)
  A spriggan berserker (D)
  An iron troll (D)
  A cherub (D)
  A deep troll (D)
  A spriggan druid (D)
  A flayed ghost (D)
  An orc knight (D)
  An orange demon (D)
  2 spiny frogs (D)
  A freezing wraith (D)
  2 demonic crawlers (D)
  4 kobold demonologists (D)
  A komodo dragon (D)
  A yaktaur (D)
  A guardian mummy (D)
  A hellwing (D)
  A troll (D)
  An ice devil (D)
  A polar bear (D)
  A flying skull (D)
  A redback (D)
  A water elemental (D)
  A vampire mosquito (D)
  A chaos spawn (D)
  A floating eye (D)
  2 swamp drakes (D)
  A black bear (D)
  An ogre (D)
  A necrophage (D)
  A crocodile (D)
  2 centaurs (D)
  A bullfrog (D)
  4 killer bees (D)
  4 wights (D)
  A crimson imp (D)
  A quasit (D)
  An adder (D)
  An ufetubus (D)
  2 leopard geckos (D)
  An orc (D)
  A ball python (D)
  4 bats (D)
  A bat skeleton (D)
  A bat zombie (D)
  A giant cockroach (D)
  2 hobgoblins (D)
  2 jackals (D)
  5 kobolds (D)
  2 quokkas (D)
  A frilled lizard (D)
  A leopard gecko zombie (D)
  A rat (D)
85 creatures vanquished.

Vanquished Creatures (collateral kills)
  An unseen horror (D)
  An orc sorcerer (D)
  A cyclops (D)
  A guardian mummy (D)
  A hippogriff (D)
  A shadow (D)
  A ynoxinul (D)
  An acid dragon (D)
  A water moccasin (D)
  A bat simulacrum (D)
10 creatures vanquished.

Vanquished Creatures (others)
  An orc warrior (D)
  An orc (D)
2 creatures vanquished.

Grand Total: 97 creatures vanquished

Notes
Turn   | Place    | Note
-------+----------+-------------------------------------------
     0 | D        | potatolord6000 the Hill Orc Fighter began the quest for the Orb.
     0 | D        | Reached XP level 1. HP: 19/19 MP: 1/1
    46 | D        | Found a bloodstained altar of Trog.
    46 | D        | Found a deep blue altar of Sif Muna.
    46 | D        | Found a viscous altar of Jiyva.
    46 | D        | Found a hazy altar of Hepliaklqana.
    46 | D        | Found an opulent altar of Gozag.
    47 | D        | Found a glowing golden altar of the Shining One.
    47 | D        | Found a glowing silver altar of Zin.
    47 | D        | Found a basalt altar of Yredelemnul.
    47 | D        | Found a shimmering altar of Xom.
    47 | D        | Found an ornate altar of the Wu Jian Council.
    47 | D        | Found a sacrificial altar of Ru.
    47 | D        | Found a stormy altar of Qazlal.
    47 | D        | Found an iron altar of Okawaru.
    47 | D        | Found a sparkling altar of Nemelex Xobeh.
    47 | D        | Found a burning altar of Makhleb.
    47 | D        | Found a blossoming altar of Fedhas.
    47 | D        | Found a white marble altar of Elyvilon.
    47 | D        | Found a shadowy altar of Dithmenos.
    47 | D        | Found a snail-covered altar of Cheibriados.
    50 | D        | Found a corrupted altar of Lugonu.
    50 | D        | Found a radiant altar of Vehumet.
    50 | D        | Found a roughly hewn altar of Beogh.
    52 | D        | Found a shattered altar of Ashenzari.
    52 | D        | Found an ancient bone altar of Kikubaaqudgha.
    52 | D        | Found a hide-covered altar of Uskayaw.
    59 | D        | Became a worshipper of Beogh the Brigand
    91 | D        | Reached skill level 1 in Invocations
    92 | D        | Reached * piety under Beogh
    98 | D        | Reached XP level 2. HP: 19/27 MP: 1/3
   190 | D        | Noticed a crimson imp
   194 | D        | Reached ** piety under Beogh
   210 | D        | Killed a crimson imp
   210 | D        | Reached skill level 5 in Fighting
   210 | D        | Reached skill level 5 in Axes
   210 | D        | Reached XP level 3. HP: 23/36 MP: 3/5
   333 | D        | Noticed a flying skull
   337 | D        | Reached *** piety under Beogh
   343 | D        | Killed a flying skull
   343 | D        | Reached XP level 4. HP: 29/47 MP: 2/8
   343 | D        | Reached XP level 5. HP: 33/52 MP: 2/9
   361 | D        | Noticed a floating eye
   366 | D        | Killed a floating eye
   366 | D        | Reached **** piety under Beogh
   366 | D        | Reached XP level 6. HP: 43/61 MP: 5/11
   458 | D        | Noticed a vampire mosquito
   478 | D        | Killed a vampire mosquito
   478 | D        | Reached XP level 7. HP: 33/69 MP: 9/13
   674 | D        | Reached ***** piety under Beogh
   703 | D        | Noticed a demonic crawler
   703 | D        | Noticed a kobold demonologist
   703 | D        | Noticed a kobold demonologist
   703 | D        | Noticed a kobold demonologist
   705 | D        | Noticed a red devil
   705 | D        | Killed a kobold demonologist
   705 | D        | Reached skill level 10 in Axes
   705 | D        | Reached XP level 8. HP: 79/79 MP: 10/15
   707 | D        | Killed a kobold demonologist
   707 | D        | Reached skill level 10 in Fighting
   707 | D        | Reached skill level 10 in Invocations
   712 | D        | Killed a kobold demonologist
   712 | D        | Reached skill level 10 in Armour
   712 | D        | Reached skill level 10 in Shields
   722 | D        | Killed a demonic crawler
   722 | D        | Reached XP level 9. HP: 49/89 MP: 5/17
   891 | D        | Noticed a spiny frog
   891 | D        | Noticed a deep troll
   895 | D        | Killed a spiny frog
   902 | D        | Killed a deep troll
  1008 | D        | Noticed an ice devil
  1015 | D        | Reached ****** piety under Beogh
  1027 | D        | Killed an ice devil
  1149 | D        | Noticed Harold
  1151 | D        | Noticed a guardian mummy
  1153 | D        | Killed Harold
  1153 | D        | Reached XP level 10. HP: 100/100 MP: 15/19
  1155 | D        | Gained Oreg as an ally
  1252 | D        | Noticed a death yak
  1259 | D        | Killed a death yak
  1371 | D        | Noticed an orc sorcerer
  1378 | D        | Killed an orc sorcerer
  1382 | D        | Noticed a cyclops
  1395 | D        | Killed a cyclops
  1625 | D        | Reached XP level 11. HP: 94/108 MP: 21/21
  1631 | D        | Noticed an orc knight
  1637 | D        | Killed an orc knight
  1640 | D        | Reached skill level 15 in Axes
  1700 | D        | Noticed a flayed ghost
  1702 | D        | Gained Boldo as an ally
  1703 | D        | Noticed a vampire mage
  1711 | D        | Killed a flayed ghost
  1719 | D        | Reached skill level 15 in Invocations
  1724 | D        | Killed a vampire mage
  1732 | D        | Noticed Erolcha
  1737 | D        | Killed Erolcha
  1952 | D        | Found the +0 sword of Power
  2063 | D        | Killed an unseen horror
  2063 | D        | Reached skill level 15 in Fighting
  2068 | D        | Noticed Snorg
  2084 | D        | Killed Snorg
  2326 | D        | Noticed an eidolon
  2336 | D        | Killed an eidolon
  2520 | D        | Noticed a spriggan druid
  2535 | D        | Killed a spriggan druid
  2595 | D        | Noticed Frances
  2595 | D        | Noticed an iron troll
  2595 | D        | Noticed a fire giant
  2595 | D        | Noticed a cherub
  2595 | D        | Noticed a spriggan berserker
  2596 | D        | Found the +9 heavy crossbow "Sniper" {velocity, Acc+∞ SInv}
  2596 | D        | Found the +3 giant club "Skullcrusher" {speed, Str+7}
  2603 | D        | Killed a fire giant
  2603 | D        | Reached XP level 12. HP: 71/122 MP: 24/24
  2604 | D        | Killed Frances
  2604 | D        | Reached skill level 15 in Armour
  2604 | D        | Reached skill level 15 in Shields
  2613 | D        | Killed an iron troll
  2621 | D        | Killed a spriggan berserker
  2621 | D        | Gained Bogric as an ally
  2953 | D        | Noticed an orc warlord
  2954 | D        | Noticed a deep elf blademaster
  2954 | D        | Noticed an orc warlord
  2955 | D        | Noticed a minotaur
  2955 | D        | Noticed a deep elf knight
  2955 | D        | Noticed a catoblepas
  2957 | D        | Killed an orc warlord
  2958 | D        | Noticed a vault guard
  2965 | D        | Slain by an orc knight

Vault maps used:
D:        pitsprint

Skill      XL: |  1  2  3  4  5  6  7  8  9 10 11 12 |
---------------+-------------------------------------+-----
Axes           | 3 5 7 8 9 10 11 13 14 16 17 | 17.8
Fighting       | 4 5 7 8 9 11 12 13 15 16 | 16.7
Invocations    | 1 3 6 7 8 9 11 13 14 16 17 | 17.6
Shields        | 4 6 7 9 10 11 12 14 15 | 15.5
Armour         | 4 6 7 8 9 10 11 12 14 15 | 15.5

Action                   |  1- 3 |  4- 6 |  7- 9 | 10-12 || total
-------------------------+-------+-------+-------+-------++-------
Melee: War axe           |    39 |    29 |    75 |   157 ||   300
Invok: Smiting           |     1 |     1 |    15 |    22 ||    39
       Recall Orcish Fol |       |       |       |     1 ||     1
  Use: Potion            |     2 |       |     7 |    18 ||    27
 Stab: Confused          |       |       |     1 |     1 ||     2
       Distracted        |       |       |       |     1 ||     1
  Eat: Meat ration       |       |       |     2 |       ||     2
Armor: Scale mail        |    21 |       |       |       ||    21
       Chain mail        |     8 |    13 |    63 |   100 ||   184
Dodge: Dodged            |    24 |     6 |    24 |    63 ||   117
Block: Shield            |    37 |    33 |    67 |   131 ||   268

Table legend:
 A = Spawn XP
 B = Non-spawn XP
 C = Spawn XP percentage of total XP
 D = Spawn monster count
 E = Non-spawn monster count
 F = Spawn count percentage of total count
 G = Total turns spent on level
                    A         B        C        D         E        F      G
               +---------+---------+-------+---------+---------+-------+---------
         Total |       0 |   26915 |   0.0 |       0 |      95 |   0.0 |  2965
               +---------+---------+-------+---------+---------+-------+---------
             D |       0 |   26915 |   0.0 |       0 |      95 |   0.0 |  2965
               +---------+---------+-------+---------+---------+-------+---------
